Map: Battle on the Boardwalk LE

Players

lllllllllll (sOs)

  • Race: Protoss Protoss
  • League: Grandmaster
  • Spawn Location: 11:00

Dark - Winner!

  • Race: Zerg Zerg
  • League: Master
  • Spawn Location: 1:00

VOD

https://www.youtube.com/watch?v=e3FcbL--MnE

Description

Time

  • Played on: Dec. 22, 2017, 3:57 a.m.
  • Length: 5:18
Show
View Real Time Build Order
Export as new Build Order

lllllllllll Protoss 

Build Orders: 1 Gate Expand, Oracle Opening, Phoenix Opening 

Get SALT Encoding   

  12  0:00  Probe  
  13  0:12  Probe  
  14  0:18  Pylon  
  14  0:24  Probe (Chrono Boost)  
  15  0:37  Probe (Chrono Boost)  
  15  0:39  Gateway  
  16  0:45  Probe (Chrono Boost)  
  16  0:48  Assimilator  
  17  0:51  Probe  
  18  1:03  Probe  
  19  1:15  Probe  
  20  1:27  Probe  
  20  1:28  Nexus  
  21  1:38  Cybernetics Core  
  21  1:41  Probe  
  22  1:48  Assimilator  
  22  1:54  Pylon  
  22  1:59  Probe  
  23  2:12  Probe  
  24  2:15  Stargate  
  24  2:18  Adept  
  26  2:25  Warp Gate (Chrono Boost), Probe (Chrono Boost)  
  27  2:36  Probe (Chrono Boost)  
  28  2:41  Probe (Chrono Boost)  
  30  2:45  Zealot, Probe (Chrono Boost)  
  30  2:49  Probe (Chrono Boost)  
  34  2:52  Probe (Chrono Boost)  
  34  2:55  Probe  
  35  2:58  Phoenix (Chrono Boost)  
  35  3:04  Probe  
  38  3:07  Probe  
  39  3:15  Oracle  
  39  3:19  Probe  
  44  3:20  Probe  
  44  3:28  Adept, Pylon  
  44  3:32  Gateway  
  46  3:36  Gateway  
  46  3:45  Shield Battery  
  46  3:46  Probe x2  
  48  3:49  Shield Battery  
  48  3:53  Oracle (Chrono Boost)  
  51  4:02  Gateway  
  51  4:06  Pylon  
  51  4:09  Probe  
  53  4:10  Probe  
  53  4:12  Shield Battery  
  53  4:25  Pylon  
  53  4:30  Stalker x2  
  50  4:33  Zealot  
  50  4:35  Void Ray (Chrono Boost)  
  50  4:38  Probe x2  
  48  4:53  Probe  
  48  4:59  Probe  
  37  5:01  Gateway  
  35  5:05  Probe  
Show
View Real Time Build Order
Export as new Build Order

Dark Zerg - Winner!

Build Orders: Hatch First 

Get SALT Encoding   

  12  0:00  Drone  
  13  0:13  Overlord  
  13  0:16  Drone  
  14  0:32  Drone x2  
  16  0:36  Drone  
  17  0:51  Hatchery  
  17  0:55  Drone  
  17  0:57  Drone  
  18  1:09  Extractor  
  17  1:13  Spawning Pool  
  17  1:15  Drone  
  17  1:18  Drone  
  18  1:31  Drone  
  19  1:40  Drone  
  20  1:47  Hatchery  
  19  1:59  Zergling x2  
  20  2:03  Queen  
  20  2:06  Zergling x2  
  20  2:08  Zergling x2  
  24  2:13  Metabolic Boost  
  24  2:18  Drone  
  25  2:23  Drone  
  25  2:25  Drone  
  27  2:31  Overlord  
  27  2:37  Zergling x2  
  28  2:45  Roach Warren  
  28  2:46  Drone  
  28  2:50  Zergling x2  
  29  2:52  Zergling x2  
  30  2:58  Overlord  
  30  3:25  Roach x6  
  30  3:26  Roach  
  44  3:31  Roach  
  46  3:35  Roach  
  46  3:41  Overlord  
  48  3:48  Overlord  
  48  3:59  Zergling x2  
  48  4:00  Ravager  
  50  4:07  Zergling x12  
  50  4:09  Zergling x2  
  57  4:12  Zergling x2  
  48  4:39  Zergling x4  
  48  4:44  Zergling x2  
  48  4:46  Zergling x4  
  48  4:52  Zergling x6  
  50  4:53  Ravager  
  50  4:55  Zergling x2  
  50  4:57  Overlord  
  50  4:59  Zergling x4  
Tags
 
Add a new tag
Caveats
  • Supply blocks, unpowered buildings, or Contaminate may cause inaccurate times.
  • Supply counts are checked every 10 seconds.